SNL (28 & UNDER)
WEST VIRGINIA POWER @ BLACKIRON DRAGONS
07/10/2023
 
TOP OF THE 1ST
West Virginia Power batting - Pitching for BlackIron Dragons : RHP Ángel Polanco
Pitching: RHP Ángel Polanco
Batting: LHB Ryan Drake 0-0: Foul Ball, location: 2F
0-1: Ball
1-1: Ball
2-1: Swinging Strike
2-2: Strikes out looking
Batting: RHB Valentín Borges 0-0: Called Strike
0-1: Ball
1-1: Fly out, F9 (Line Drive, 9M)
Batting: RHB Will Lott 0-0: Fly out, F7 (Line Drive, 7M)
Top of the 1st over - 0 run(s), 0 hit(s), 0 error(s), 0 left on base; West Virginia 0 - BlackIron 0
BOTTOM OF THE 1ST
BlackIron Dragons batting - Pitching for West Virginia Power : RHP Ramiro Fernández
Pitching: RHP Ramiro Fernández
Batting: RHB Kenneth Hilton 0-0: Foul Ball, location: 2F
0-1: Foul Ball, location: 2F
0-2: DOUBLE (Line Drive, 7LS)
Batting: RHB Edgardo Carrasco 0-0: Called Strike
0-1: Hit by Pitch
Batting: LHB Brian Roy 0-0: Ball
1-0: Foul Ball, location: 2F
1-1: Ball
Kenneth Hilton steals 3rd base
Edgardo Carrasco to second
2-1: Ball
Wild Pitch!
Kenneth Hilton scores
Edgardo Carrasco to third
3-1: Base on Balls
Batting: RHB Cole Ball 0-0: Grounds into double play, 6-4-3 (Groundball, 6M)
Edgardo Carrasco scores
Batting: RHB Dallas Blair 0-0: Ball
1-0: Called Strike
1-1: Swinging Strike
1-2: Ball
2-2: Strikes out looking
Bottom of the 1st over - 2 run(s), 1 hit(s), 0 error(s), 0 left on base; West Virginia 0 - BlackIron 2
TOP OF THE 2ND
West Virginia Power batting - Pitching for BlackIron Dragons : RHP Ángel Polanco
Batting: RHB Doug Stephens 0-0: Swinging Strike
0-1: Foul Ball, location: 2F
0-2: Ball
1-2: Ground out 6-3 (Groundball, 6)
Batting: RHB Eric Johnson 0-0: Ball
1-0: Ground out 5-3 (Groundball, 56S)
Batting: RHB Roberto Pérez 0-0: Called Strike
0-1: Ball
1-1: Foul Ball, location: 2F
1-2: Ground out 3-1 (Groundball, 34S)
Top of the 2nd over - 0 run(s), 0 hit(s), 0 error(s), 0 left on base; West Virginia 0 - BlackIron 2
BOTTOM OF THE 2ND
BlackIron Dragons batting - Pitching for West Virginia Power : RHP Ramiro Fernández
Batting: RHB Leroy Jamison 0-0: Ball
1-0: Fly out, F9 (Line Drive, 89S)
Batting: RHB Ed Sims 0-0: Called Strike
0-1: Ball
1-1: Ball
2-1: Ball
3-1: Base on Balls
Batting: RHB Joaquín Rosales 0-0: Ball
1-0: Ground out 5-3 (Groundball, 6)
Ed Sims to second
Batting: RHB Boyd Pittman 0-0: Called Strike
0-1: DOUBLE (Line Drive, 7LD)
Ed Sims scores
Batting: RHB Kenneth Hilton 0-0: Ball
1-0: Called Strike
Balk!
Boyd Pittman to third
1-1: Ground out 4-3 (Groundball, 4M)
Bottom of the 2nd over - 1 run(s), 1 hit(s), 0 error(s), 1 left on base; West Virginia 0 - BlackIron 3
TOP OF THE 3RD
West Virginia Power batting - Pitching for BlackIron Dragons : RHP Ángel Polanco
Batting: LHB Ernie Jackson 0-0: Ball
1-0: Ball
2-0: Foul Ball, location: 2F
2-1: Ball
3-1: Foul Ball, location: 2F
3-2: Base on Balls
Batting: LHB Lúcio Anaya 0-0: Ball
1-0: Called Strike
1-1: Ball
2-1: Ball
3-1: Swinging Strike
3-2: Foul Ball, location: 2F
3-2: Fielders Choice at 2nd, 4-6 (Groundball, 4M)
Batting: RHB Jorge Ramírez 0-0: Called Strike
0-1: Ball
1-1: Ball
2-1: Ball
3-1: Base on Balls
Lúcio Anaya to second
Batting: LHB Ryan Drake 0-0: Called Strike
0-1: Grounds into double play, 4-6-3 (Groundball, 4)
Top of the 3rd over - 0 run(s), 0 hit(s), 0 error(s), 1 left on base; West Virginia 0 - BlackIron 3
BOTTOM OF THE 3RD
BlackIron Dragons batting - Pitching for West Virginia Power : RHP Ramiro Fernández
Batting: RHB Edgardo Carrasco 0-0: Called Strike
0-1: Ball
1-1: Swinging Strike
1-2: Strikes out swinging
Batting: LHB Brian Roy 0-0: Ground out 3-1 (Groundball, 34)
Batting: RHB Cole Ball 0-0: Called Strike
0-1: Ground out 4-3 (Groundball, 4)
Bottom of the 3rd over - 0 run(s), 0 hit(s), 0 error(s), 0 left on base; West Virginia 0 - BlackIron 3
TOP OF THE 4TH
West Virginia Power batting - Pitching for BlackIron Dragons : RHP Ángel Polanco
Batting: RHB Valentín Borges 0-0: Called Strike
0-1: Ball
1-1: Called Strike
1-2: Foul Ball, location: 2F
1-2: Strikes out swinging
Batting: RHB Will Lott 0-0: Swinging Strike
0-1: Foul Ball, location: 2F
0-2: Ball
1-2: Ground out 6-3 (Groundball, 6)
Batting: RHB Doug Stephens 0-0: Called Strike
0-1: Foul Ball, location: 2F
0-2: Ground out 5-3 (Groundball, 5S)
Top of the 4th over - 0 run(s), 0 hit(s), 0 error(s), 0 left on base; West Virginia 0 - BlackIron 3
BOTTOM OF THE 4TH
BlackIron Dragons batting - Pitching for West Virginia Power : RHP Ramiro Fernández
Batting: RHB Dallas Blair 0-0: Ball
1-0: Ball
2-0: Fly out, F9 (Flyball, 89M)
Batting: RHB Leroy Jamison 0-0: Ball
1-0: Ball
2-0: SINGLE (Groundball, 5)
Batting: RHB Ed Sims 0-0: Ball
1-0: Ball
2-0: Fielders Choice at 2nd, 5-4 (Groundball, 56)
Batting: RHB Joaquín Rosales 0-0: Ball
1-0: Called Strike
1-1: Called Strike
1-2: Strikes out swinging
Bottom of the 4th over - 0 run(s), 1 hit(s), 0 error(s), 1 left on base; West Virginia 0 - BlackIron 3
TOP OF THE 5TH
West Virginia Power batting - Pitching for BlackIron Dragons : RHP Ángel Polanco
Batting: RHB Eric Johnson 0-0: Ball
1-0: Swinging Strike
1-1: SINGLE (Line Drive, 7S)
Batting: RHB Roberto Pérez 0-0: Fly out, F8 (Flyball, 89D)
Batting: LHB Ernie Jackson 0-0: Grounds into double play, 4-6-3 (Groundball, 4)
Top of the 5th over - 0 run(s), 1 hit(s), 0 error(s), 0 left on base; West Virginia 0 - BlackIron 3
BOTTOM OF THE 5TH
BlackIron Dragons batting - Pitching for West Virginia Power : RHP Ramiro Fernández
Batting: RHB Boyd Pittman 0-0: Called Strike
0-1: Foul Ball, location: 2F
0-2: Strikes out swinging
Batting: RHB Kenneth Hilton 0-0: Foul Ball, location: 2F
0-1: Swinging Strike
0-2: Foul Ball, location: 2F
0-2: Foul Ball, location: 2F
0-2: Strikes out looking
Batting: RHB Edgardo Carrasco 0-0: Called Strike
0-1: Foul Ball, location: 2F
0-2: SINGLE (Line Drive, 89S)
Batting: LHB Brian Roy 0-0: Ball
1-0: Ball
2-0: SINGLE (Line Drive, 34D)
Edgardo Carrasco to second
Batting: RHB Cole Ball 0-0: Fly out, F8 (Flyball, 8LM)
Bottom of the 5th over - 0 run(s), 2 hit(s), 0 error(s), 2 left on base; West Virginia 0 - BlackIron 3
TOP OF THE 6TH
West Virginia Power batting - Pitching for BlackIron Dragons : RHP Ángel Polanco
Batting: LHB Lúcio Anaya 0-0: Ball
1-0: SINGLE (Groundball, 6MD)
Batting: RHB Jorge Ramírez 0-0: Ball
1-0: Swinging Strike
1-1: Swinging Strike
1-2: Ball
2-2: Strikes out swinging
Batting: LHB Ryan Drake 0-0: Ball
Lúcio Anaya steals 2nd base
1-0: Foul Ball, location: 2F
1-1: Called Strike
1-2: Ball
2-2: Ground out 4-3 (Groundball, 4M)
Lúcio Anaya to third
Batting: RHB Valentín Borges 0-0: Ball
1-0: Ball
2-0: Called Strike
2-1: Swinging Strike
2-2: Foul Ball, location: 2F
2-2: Strikes out swinging
Top of the 6th over - 0 run(s), 1 hit(s), 0 error(s), 1 left on base; West Virginia 0 - BlackIron 3
BOTTOM OF THE 6TH
BlackIron Dragons batting - Pitching for West Virginia Power : RHP Ramiro Fernández
Batting: RHB Dallas Blair 0-0: Ball
1-0: Called Strike
1-1: Ball
2-1: Swinging Strike
2-2: Strikes out looking
Batting: RHB Leroy Jamison 0-0: Ball
1-0: Ball
2-0: Swinging Strike
2-1: Ball
3-1: Called Strike
3-2: Strikes out looking
Batting: RHB Ed Sims 0-0: Called Strike
0-1: Fly out, F8 (Flyball, 89M)
Bottom of the 6th over - 0 run(s), 0 hit(s), 0 error(s), 0 left on base; West Virginia 0 - BlackIron 3
TOP OF THE 7TH
West Virginia Power batting - Pitching for BlackIron Dragons : RHP Ángel Polanco
Batting: RHB Will Lott 0-0: Ball
1-0: Ground out 1-3 (Groundball, 13)
Batting: RHB Doug Stephens 0-0: Swinging Strike
0-1: DOUBLE (Flyball, 89XD)
Batting: RHB Eric Johnson 0-0: Ball
1-0: Ball
2-0: Foul Ball, location: 2F
2-1: Ground out 6-3 (Groundball, 6)
Batting: RHB Roberto Pérez 0-0: Ball
1-0: Called Strike
1-1: Called Strike
1-2: Ball
2-2: Fly out, F6 (Popup, 56)
Top of the 7th over - 0 run(s), 1 hit(s), 0 error(s), 1 left on base; West Virginia 0 - BlackIron 3
BOTTOM OF THE 7TH
BlackIron Dragons batting - Pitching for West Virginia Power : RHP Ramiro Fernández
Batting: RHB Joaquín Rosales 0-0: Ball
1-0: Called Strike
1-1: DOUBLE (Line Drive, 8LM)
Batting: RHB Boyd Pittman 0-0: Foul Ball, location: 2F
0-1: Fly out, F9 (Flyball, 89XD)
Runner from 2nd tags up, SAFE at 3rd, no throw
Batting: RHB Kenneth Hilton 0-0: Ball
1-0: Foul Ball, location: 2F
1-1: SINGLE (Groundball, 25) (infield hit)
Batting: RHB Edgardo Carrasco 0-0: Called Strike
0-1: Fly out, F8 (Flyball, 8LS)
Batting: LHB Brian Roy 0-0: Ball
1-0: Ground out 1-3 (Groundball, 13)
Bottom of the 7th over - 0 run(s), 2 hit(s), 0 error(s), 2 left on base; West Virginia 0 - BlackIron 3
TOP OF THE 8TH
West Virginia Power batting - Pitching for BlackIron Dragons : RHP Ángel Polanco
Batting: LHB Ernie Jackson 0-0: Called Strike
0-1: Swinging Strike
0-2: Strikes out swinging
Batting: LHB Lúcio Anaya 0-0: Ball
1-0: Called Strike
1-1: Called Strike
1-2: Fly out, F6 (Popup, 6MD)
Batting: RHB Jorge Ramírez 0-0: Ball
1-0: Foul Ball, location: 2F
1-1: Foul Ball, location: 2F
1-2: Strikes out swinging
Top of the 8th over - 0 run(s), 0 hit(s), 0 error(s), 0 left on base; West Virginia 0 - BlackIron 3
BOTTOM OF THE 8TH
BlackIron Dragons batting - Pitching for West Virginia Power : RHP Ramiro Fernández
Batting: RHB Cole Ball 0-0: Called Strike
0-1: Ball
1-1: Foul Ball, location: 2F
1-2: Ball
2-2: SINGLE (Groundball, 56D)
Batting: RHB Dallas Blair 0-0: Ball
1-0: Fly out, F8 (Flyball, 8RS)
Batting: RHB Leroy Jamison 0-0: Foul Ball, location: 2F
0-1: Ball
1-1: Called Strike
1-2: Strikes out swinging
Batting: RHB Ed Sims 0-0: Foul Ball, location: 2F
0-1: Ball
1-1: Foul Ball, location: 2F
1-2: Ball
2-2: Foul Ball, location: 2F
2-2: SINGLE (Groundball, 3D)
Cole Ball to second
Runner from 2nd tries for 3rd, OUT!
Bottom of the 8th over - 0 run(s), 2 hit(s), 0 error(s), 1 left on base; West Virginia 0 - BlackIron 3
TOP OF THE 9TH
West Virginia Power batting - Pitching for BlackIron Dragons : RHP Ángel Polanco
Pitching: RHP César Rúbio
Batting: LHB Ryan Drake 0-0: Ball
1-0: Ball
2-0: Called Strike
2-1: Fly out, F5 (Popup, 5SF)
Batting: RHB Valentín Borges 0-0: Called Strike
0-1: Swinging Strike
0-2: Foul Ball, location: 2F
0-2: Ball
1-2: Strikes out swinging
Batting: RHB Will Lott 0-0: Swinging Strike
0-1: Ball
1-1: Swinging Strike
1-2: Ball
2-2: Foul Ball, location: 2F
2-2: Strikes out swinging
Top of the 9th over - 0 run(s), 0 hit(s), 0 error(s), 0 left on base; West Virginia 0 - BlackIron 3
This league is powered by Out of the Park Baseball, the baseball management simulation game for PC, Mac and Linux
Wednesday, December 2nd, 2015 - OOTP Baseball 16.8 Build 38